 Dungeon Crawl Stone Soup version 0.23.2-1-ga50397a6bc (webtiles) character file.

Game seed: 10565402237436979764

79955 Circulus the Severer (level 15, -2/136 HPs)
             Began as a Hill Orc Fighter on Apr 24, 2019.
             Was the Champion of the Shining One.
             Shot with an arrow by a deep elf archer (10 damage)
             ... on level 1 of the Elven Halls on Apr 30, 2019.
             The game lasted 04:12:47 (30372 turns).

Circulus the Severer (Hill Orc Fighter)            Turns: 30372, Time: 04:12:47

Health: -2/136     AC: 30    Str: 26    XL:     15   Next: 65%
Magic:  7/7        EV:  7    Int:  8    God:    the Shining One [******]
Gold:   487        SH: 18    Dex: 10    Spells: 13/14 levels left

rFire    . . .     SeeInvis .   X - +3 war axe (antimagic)
rCold    + . .     Gourm    .   m - +5 shield {rN+}
rNeg     + + +     Faith    .   V - +0 crystal plate armour
rPois    .         Spirit   .   v - +0 helmet
rElec    +         Reflect  .   x - +2 cloak {MR+}
rCorr    .         Harm     .   q - +0 pair of gloves
MR       ++++.                  g - +0 pair of boots
Stlth    ..........             D - amulet "Yroupp" {RegenMP rElec MR++ Str-5 Slay+2}
HPRegen  0.32/turn              (no ring)
MPRegen  0.35/turn              Y - ring of protection from cold

@: mighty, glowing
A: no striking features
a: Divine Shield, Cleansing Flame, Summon Divine Warrior, Brand Weapon With Holy
Wrath, Renounce Religion


You were on level 1 of the Elven Halls.
You worshipped the Shining One.
The Shining One was exalted by your worship.
You were very hungry.

You visited 5 branches of the dungeon, and saw 24 of its levels.
You also visited: Gauntlet.

You collected 2007 gold pieces.
You spent 1520 gold pieces at shops.

Inventory:

Hand Weapons
 X - a +3 antimagic war axe (weapon)
 Z - a +4 scimitar of flaming
Armour
 g - a +0 pair of boots (worn)
 m - a +5 shield of positive energy (worn)
 q - a +0 pair of gloves (worn)
 v - a +0 helmet (worn)
 x - a +2 cloak of magic resistance (worn)
 V - a +0 crystal plate armour (worn)
Jewellery
 b - an uncursed ring of flight
 w - the ring "Boicaopa" {rF+ EV+4}
   (You took it off an orc on level 12 of the Dungeon)

   [ring of evasion]

   It affects your evasion (+4).
   It protects you from fire.
 y - an uncursed ring of fire
 D - the amulet "Yroupp" (around neck) {RegenMP rElec MR++ Str-5 Slay+2}
   (You found it on level 5 of the Dungeon)

   [amulet of magic regeneration]

   It increases your magic regeneration.
   It affects your strength (-5).
   It affects your accuracy and damage with ranged weapons and melee attacks
   (+2).
   It insulates you from electricity.
   It affects your resistance to hostile enchantments.
 Y - a ring of protection from cold (right hand)
Wands
 a - a wand of digging (9)
 e - a wand of flame (16)
 j - a wand of acid (22)
 p - a wand of clouds (12)
 E - a wand of polymorph (12)
 G - a wand of iceblast (21)
 M - a wand of enslavement (21)
 Q - a wand of paralysis (30)
 U - a wand of disintegration (25)
Scrolls
 h - a scroll of immolation
 i - 6 scrolls of amnesia
 l - 6 scrolls of identify
 t - 2 scrolls of random uselessness {unknown}
 u - 2 scrolls of magic mapping
 z - a scroll of holy word {unknown}
 B - 6 scrolls of teleportation
 C - a scroll of noise {unknown}
 H - a scroll of fog {unknown}
 K - 4 scrolls of remove curse
 L - a scroll of enchant weapon
 P - a scroll of blinking {unknown}
 R - 3 scrolls of fear
 T - a scroll of vulnerability {unknown}
 W - a scroll of silence {unknown}
Potions
 d - a potion of might
 k - 2 potions of degeneration {unknown}
 n - 3 potions of brilliance
 o - 5 potions of haste
 s - 5 potions of invisibility
 A - 7 potions of agility
 F - 2 potions of mutation {unknown}
 I - 3 potions of ambrosia {unknown}
 J - 3 potions of flight {unknown}
 O - a potion of lignification {unknown}
 S - a potion of cancellation {unknown}
Comestibles
 f - 16 rations


   Skills:
 * Level 13.3 Fighting
 - Level 5.0 Long Blades
 - Level 17.0 Axes
 - Level 13.0 Armour
 - Level 7.1 Dodging
 + Level 11.6 Shields
 - Level 5.2 Hexes
 - Level 4.0 Invocations
 + Level 9.3 Evocations


You had 13 spell levels left.
You knew the following spells:

 Your Spells              Type           Power        Failure   Level  Hunger
a - Corona                Hex            #......      92%         1    ##.....

Your spell library contained the following spells:

 Spells                   Type           Power        Failure   Level  Hunger
 Animate Skeleton         Necr           N/A          100%        1    ##.....
 Infusion                 Chrm           #...         100%        1    ##.....
 Pain                     Necr           #...         100%        1    ##.....
 Ensorcelled Hibernation  Hex/Ice        #.....       100%        2    ###....
 Shroud of Golubria       Chrm/Tloc      #.........   100%        2    ###....
 Song of Slaying          Chrm           #.......     100%        2    ###....
 Confuse                  Hex            #.......     100%        3    ####...
 Dazzling Spray           Conj/Hex       #.....       100%        3    ####...
 Regeneration             Chrm/Necr      #.........   100%        3    ####...
 Spectral Weapon          Hex/Chrm       #.......     100%        3    ####...
 Tukima's Dance           Hex            #.......     100%        3    ####...
 Vampiric Draining        Necr           #.........   100%        3    ####...
 Animate Dead             Necr           N/A          100%        4    #####..


Dungeon Overview and Level Annotations

Branches:
Dungeon (15/15)            Temple (1/1) D:4            Lair (5/6) D:9
 Shoals (0/4) Lair:2        Snake (0/4) Lair:2          Orc (2/2) D:10
    Elf (1/3) Orc:2        Vaults (0/5) D:13         Depths (0/5) D:15
  Slime: Lair:5-6

Altars:
Ashenzari
Cheibriados
Dithmenos
Elyvilon
Fedhas
Gozag
Hepliaklqana
Kikubaaqudgha
Makhleb
Nemelex Xobeh
Okawaru
Qazlal
Ru
Sif Muna
Trog
Uskayaw
Vehumet
Wu Jian
Xom
Yredelemnul
Zin
The Shining One
Beogh

Shops:
D:7 *   D:8 !   D:9 *   D:12 [   D:13 *}:   Orc:2 [*[%}

Portals:
Pandemonium: Orc:2
Trove: D:15 (give 9 potions of haste)

Annotations:
D:5 3 runed translucent doors, stultus's ghost, amateur FoFi; tailblues's ghost, amateur DgWz
D:6 1 runed translucent door, Belius's ghost, novice HuFi
D:8 2 runed translucent doors, exclusion: 2 downstairs
D:9 2 exclusions
D:10 exclusion: upstairs
Lair:1 exclusion: oklob plant
Lair:3 exclusions: hydra and upstairs
Lair:4 exclusion: downstairs


Message History

The deep elf mage's magic leaks into the air.
The deep elf mage is lightly wounded.
The deep elf mage casts a spell.
The deep elf mage blinks!
You feel sick.
The deep elf archer shoots an arrow.
You block the arrow.
The deep elf mage gestures at you while chanting.
The stone arrow hits you!!!
* * * LOW HITPOINT WARNING * * *
You see here an arrow.
You feel sick.
The deep elf mage gestures at you while chanting.
You block the stone arrow.
You see here 2 arrows.
The deep elf archer shoots an arrow.
You block the arrow.
You see here an arrow.
You feel better.
The deep elf archer shoots an arrow.
The arrow hits you.
* * * LOW HITPOINT WARNING * * *
You feel very mighty all of a sudden.
The deep elf archer shoots an arrow.
The arrow hits you!
You die...

.... .....
.....
##+####.(...
##.......#
##...(()..#
##....())..#
##.....((...#
#...e..@....+
+....e<.(().#
#.......(...#
##..........#
##............
###+######....
...e. ....
.^..


You could see a deep elf archer and a deep elf mage.

Vanquished Creatures
  Gastronok (Lair:1)
  An emperor scorpion (Orc:2)
  A vault guard (D:15)
  A rakshasa (D:14)
  5 centaur warriors
  A two-headed ogre (D:13)
  A queen ant (D:9)
  9 orc high priests
  A death knight (D:15)
  Urug (D:11)
  2 deep elf knights
  A sun demon (Orc:1)
  A skeletal warrior (D:13)
  A sixfirhy (Orc:2)
  An infernal demonspawn (Orc:2)
  6 unseen horrors
  A gelid demonspawn (Orc:2)
  A wizard (D:15)
  A deep elf archer (Elf:1)
  2 phantasmal warriors (D:15)
  6 orc knights
  A necromancer (D:15)
  7 orc sorcerers
  3 manticores
  7 deep elf magi
  4 cyclopes
  4 ugly things
  3 black mambas
  Psyche (D:8)
  3 gargoyles
  6 spiny frogs
  A torpor snail (Lair:4)
  An orange demon (Orc:2)
  A kobold demonologist (D:13)
  An efreet (D:15)
  4 komodo dragons
  2 rime drakes
  2 freezing wraiths (D:15)
  7 trolls
  A meliai (D:8)
  8 slime creatures (D:12)
  Grinder (D:2)
  A hornet (D:9)
  4 dream sheep (Lair:4)
  Prince Ribbit (D:5)
  A blink frog (shapeshifter) (D:14)
  9 hippogriffs
  4 blink frogs (Lair:1)
  Sigmund (D:5)
  5 shadows
  A centaur simulacrum (D:15)
  3 wyverns
  3 wraiths
  2 vampires
  3 hogs (D:8)
  A chaos spawn (Orc:2)
  A human (shapeshifter) (D:14)
  20 yaks
  A human (D:8)
  A hungry ghost (D:11)
  4 vampire mosquitoes (D:15)
  8 wargs
  17 soldier ants
  Edmund (D:5)
  An acid dragon (D:14)
  3 nagas (Lair:2)
  5 water moccasins
  9 porcupines
  33 orc warriors
  6 sky beasts
  3 phantoms
  2 hornet zombies
  7 ice beasts
  19 centaurs
  An eye of draining (D:12)
  9 ogres
  A centaur (shapeshifter) (D:15)
  8 crocodiles
  Blork the orc (D:4)
  9 big kobolds
  14 bullfrogs
  An earth elemental (Elf:1)
  A wyvern skeleton (D:13)
  A water moccasin skeleton (D:10)
  8 scorpions
  3 killer bees (D:13)
  15 wights
  7 howler monkeys
  11 crimson imps
  8 centaur zombies
  5 jellies
  A wyvern simulacrum (D:14)
  23 orc wizards
  2 quasits
  2 bullfrog zombies
  8 hounds
  3 bullfrog skeletons
  7 centaur skeletons
  22 orc priests
  7 iguanas
  40 worker ants
  Terence (D:2)
  A hound skeleton (D:4)
  9 gnolls
  13 adders
  5 shadow imps
  5 oozes
  2 adder zombies (D:8)
  An adder skeleton (D:4)
  3 worms
  4 leopard geckos
  99 orcs
  3 giant cockroaches (D:4)
  7 goblins
  11 hobgoblins
  21 jackals
  21 kobolds
  7 quokkas
  A ball python (D:4)
  6 bats
  5 frilled lizards
  A leopard gecko skeleton (D:6)
  A leopard gecko zombie (D:6)
  A quokka zombie (D:6)
  9 rats
  2 fungi (Lair:1)
750 creatures vanquished.

Vanquished Creatures (others)
  3 plants
  6 withered plants (D:5)
9 creatures vanquished.

Grand Total: 759 creatures vanquished

Notes
Turn   | Place    | Note
-------+----------+-------------------------------------------
     0 | D:1      | Circulus the Hill Orc Fighter began the quest for the Orb.
     0 | D:1      | Reached XP level 1. HP: 19/19 MP: 1/1
    36 | D:1      | Reached skill level 3 in Axes
    54 | D:1      | Reached XP level 2. HP: 24/26 MP: 2/2
   118 | D:1      | Reached skill level 4 in Axes
   261 | D:1      | Reached XP level 3. HP: 31/31 MP: 3/3
   651 | D:1      | Reached skill level 5 in Axes
  1132 | D:2      | Reached XP level 4. HP: 30/39 MP: 4/4
  1224 | D:2      | Noticed Terence
  1280 | D:2      | Killed Terence
  1280 | D:2      | Reached skill level 6 in Axes
  1359 | D:2      | Reached XP level 5. HP: 40/45 MP: 5/5
  1662 | D:3      | Noticed Grinder
  1662 | D:3      | Paralysed by Grinder for 7 turns
  1697 | D:1      | Reached skill level 7 in Axes
  2416 | D:3      | Reached skill level 8 in Axes
  2416 | D:3      | Reached XP level 6. HP: 52/52 MP: 6/6
  3470 | D:4      | Found a staircase to the Ecumenical Temple.
  3479 | Temple   | Entered the Ecumenical Temple
  3578 | Temple   | Became a worshipper of the Shining One
  3620 | D:4      | Noticed a phantom
  3740 | D:4      | Reached skill level 9 in Axes
  3816 | D:3      | Reached XP level 7. HP: 56/60 MP: 7/7
  3862 | D:4      | Got an ancient quarterstaff
  4000 | D:4      | Noticed Blork the orc
  4040 | D:4      | Killed Blork the orc
  4040 | D:4      | Reached skill level 5 in Fighting
  4161 | D:4      | Reached skill level 10 in Axes
  4675 | D:2      | Paralysed by Grinder for 2 turns
  4746 | D:5      | Entered Level 5 of the Dungeon
  4904 | D:5      | Reached XP level 8. HP: 46/68 MP: 8/8
  4984 | D:5      | Found a stormy altar of Qazlal.
  5051 | D:5      | Noticed Edmund
  5323 | D:5      | Killed Edmund
  5323 | D:5      | Reached skill level 1 in Invocations
  5390 | D:5      | Found a runed translucent gate.
  5390 | D:5      | Found a runed translucent gate.
  5390 | D:5      | Found a runed translucent gate.
  5390 | D:5      | Noticed tailblues's ghost (amateur DgWz)
  5391 | D:5      | Noticed stultus's ghost (amateur FoFi)
  5391 | D:5      | Reached * piety under the Shining One
  5455 | D:5      | Noticed Sigmund
  5547 | D:5      | Killed Sigmund
  5547 | D:5      | Reached skill level 5 in Armour
  5607 | D:5      | Reached skill level 5 in Shields
  5744 | D:5      | Noticed Prince Ribbit
  5759 | D:5      | Killed Prince Ribbit
  5880 | D:5      | Got a pitted graven amulet
  6114 | D:6      | Identified the amulet "Yroupp" {RegenMP rElec MR++ Str-5
                  | Slay+2} (You found it on level 5 of the Dungeon)
  6188 | D:6      | Reached XP level 9. HP: 81/81 MP: 10/10
  6588 | D:6      | You fall through a shaft for 2 floors!
  6590 | D:8      | Reached ** piety under the Shining One
  6873 | D:6      | Reached skill level 10 in Fighting
  6908 | D:6      | Found a runed translucent door.
  6908 | D:6      | Found a shimmering altar of Xom.
  6908 | D:6      | Noticed Belius's ghost (novice HuFi)
  7178 | D:6      | Noticed a +0 mace of chaos
  7252 | D:7      | Reached skill level 1 in Evocations
  7384 | D:7      | Found Zavuigeh's Assorted Antiques.
  7396 | D:7      | Found a sacrificial altar of Ru.
  8062 | D:2      | Killed Grinder
  8062 | D:2      | Reached XP level 10. HP: 93/93 MP: 12/12
  8182 | D:8      | Found Kiwoyvosk's Distillery.
  8232 | D:8      | Bought a potion of heal wounds for 70 gold pieces
  8232 | D:8      | Bought a potion of haste for 140 gold pieces
  8269 | D:8      | Reached *** piety under the Shining One
  8649 | D:8      | Found a runed translucent door.
  8649 | D:8      | Found a runed translucent door.
  8665 | D:8      | Reached skill level 11 in Axes
  8817 | D:8      | Noticed a cyan ugly thing
  8847 | D:8      | Killed a cyan ugly thing
  8847 | D:8      | Reached skill level 12 in Axes
  9255 | D:8      | Identified the +11 quarterstaff of the Lair of Beasts
                  | {freeze, rN+} (You found it on level 4 of the Dungeon)
  9397 | D:8      | Reached skill level 13 in Axes
  9712 | D:9      | Noticed a manticore
  9712 | D:9      | Reached **** piety under the Shining One
  9757 | D:8      | Reached XP level 11. HP: 93/102 MP: 13/13
  9854 | D:8      | Reached skill level 1 in Dodging
 10321 | D:9      | Noticed Psyche
 10347 | D:8      | Killed Psyche
 10704 | D:9      | Got a smoking brass amulet
 10706 | D:9      | Identified the amulet "Jiotrai" {Harm *Drain rC+ Int+4}
                  | (You found it on level 9 of the Dungeon)
 10912 | D:9      | Learned a level 1 spell: Corona
 10953 | D:9      | Found a staircase to the Lair.
 11033 | D:9      | Found a hazy altar of Hepliaklqana.
 11056 | D:9      | Killed a manticore
 11342 | D:9      | Reached skill level 1 in Hexes
 11357 | D:9      | Noticed a queen ant
 11539 | D:9      | Noticed a seven-headed hydra
 11556 | D:9      | Found Umyuma Wifa's Changing Room.
 11615 | D:10     | Entered Level 10 of the Dungeon
 11625 | D:10     | Found a staircase to the Orcish Mines.
 12238 | D:10     | Reached skill level 5 in Evocations
 12380 | Lair:1   | Entered Level 1 of the Lair of Beasts
 12381 | Lair:1   | Noticed Gastronok
 12425 | Orc:1    | Entered Level 1 of the Orcish Mines
 12539 | Orc:1    | Found a burning altar of Makhleb.
 12583 | Orc:1    | Noticed an orc high priest
 12643 | Orc:1    | Reached ***** piety under the Shining One
 13323 | Orc:1    | Killed an orc high priest
 13606 | Orc:2    | Entered Level 2 of the Orcish Mines
 13622 | Orc:2    | Reached skill level 14 in Axes
 13622 | Orc:2    | Reached XP level 12. HP: 98/110 MP: 5/15
 14291 | Orc:2    | Found a radiant altar of Vehumet.
 14511 | Orc:2    | Reached skill level 15 in Axes
 14674 | Orc:2    | Noticed an orc high priest
 14701 | Orc:2    | Killed an orc high priest
 15296 | Orc:2    | Found a roughly hewn altar of Beogh.
 15303 | Orc:2    | Noticed an orc warlord
 15637 | D:11     | Noticed Urug
 15734 | D:11     | Killed Urug
 15734 | D:11     | Reached skill level 16 in Axes
 17678 | D:12     | Noticed a centaur warrior
 17692 | D:12     | Killed a centaur warrior
 17810 | D:12     | Found Muoq's Armour Boutique.
 17817 | D:12     | Reached XP level 13. HP: 95/116 MP: 5/17
 18109 | D:12     | Bought a +2 shield of positive energy for 259 gold pieces
 18135 | D:12     | Identified the ring "Boicaopa" {rF+ EV+4}
 18834 | D:13     | Reached skill level 5 in Dodging
 19024 | D:13     | Reached skill level 10 in Armour
 19067 | D:13     | Got a slimy ring mail
 19078 | D:13     | Found Bekkoth's Gadget Shoppe.
 19081 | D:13     | Bought a wand of iceblast (8) for 168 gold pieces
 19081 | D:13     | Bought a wand of paralysis (7) for 126 gold pieces
 19121 | D:13     | Reached skill level 10 in Shields
 19149 | D:13     | Reached ****** piety under the Shining One
 19280 | D:13     | Found Gomnamp's Book Shoppe.
 19492 | D:13     | Found Muimaudu's Assorted Antiques.
 19498 | D:13     | Bought a potion of heal wounds for 160 gold pieces
 19498 | D:13     | Bought a wand of iceblast (7) for 128 gold pieces
 19498 | D:13     | Bought a scroll of identify for 64 gold pieces
 19498 | D:13     | Bought a scroll of teleportation for 96 gold pieces
 19498 | D:13     | Bought a wand of paralysis (5) for 64 gold pieces
 19916 | D:13     | Found a gate to the Vaults.
 20066 | Lair:1   | Killed Gastronok
 20724 | Orc:2    | Found Foschidi's Food Boutique.
 20733 | Orc:2    | Found Migudgh's General Store.
 20795 | Orc:1    | HP: 1/118 [sun demon (6)]
 21210 | Orc:1    | Reached skill level 5 in Hexes
 21679 | Orc:2    | Bought a scroll of remove curse for 42 gold pieces
 21679 | Orc:2    | Bought a scroll of teleportation for 42 gold pieces
 21679 | Orc:2    | Bought a ration for 70 gold pieces
 21736 | Orc:2    | Reached XP level 14. HP: 124/126 MP: 6/20
 22276 | Orc:2    | Found Cerap's Gadget Emporium.
 22276 | Orc:2    | Found Niuphad's Antique Armour Shoppe.
 22276 | Orc:2    | Found a one-way gate leading to the halls of Pandemonium.
 22278 | Orc:2    | Bought a wand of flame (11) for 91 gold pieces
 22611 | Orc:2    | Found Luam's Antique Armour Emporium.
 22783 | Orc:2    | Noticed an emperor scorpion
 22783 | Orc:2    | an orc warlord changed into an emperor scorpion
 22835 | Orc:2    | Killed an emperor scorpion
 23288 | Orc:2    | Found a staircase to the Elven Halls.
 23776 | D:9      | Found a hazy altar of Hepliaklqana.
 23832 | D:9      | Found a staircase to the Lair.
 24856 | Lair:2   | Found a staircase to the Snake Pit.
 24888 | Lair:2   | Found a staircase to the Shoals.
 26492 | Lair:4   | Found a gate leading to a gauntlet.
 26511 | Gauntlet | Entered a Gauntlet
 26511 | Gauntlet | Found a transporter.
 26514 | Gauntlet | Found a transporter.
 26534 | Gauntlet | Found a transporter.
 26534 | Gauntlet | Found a transporter.
 26543 | Gauntlet | Noticed a reaper
 26544 | Gauntlet | Found a transporter.
 27639 | Elf:1    | Entered Level 1 of the Elven Halls
 27663 | Orc:2    | Reached XP level 15. HP: 107/135 MP: 7/21
 28164 | D:14     | Reached skill level 1 in Long Blades
 28244 | D:14     | Found a stormy altar of Qazlal.
 28783 | D:15     | Entered Level 15 of the Dungeon
 28845 | D:15     | Found a portal to a secret trove of treasure.
 29083 | D:15     | Found a staircase to the Depths.
 29132 | D:15     | Reached skill level 17 in Axes
 29286 | D:15     | Found a shattered altar of Ashenzari.
 30355 | Elf:1    | Reached skill level 5 in Long Blades
 30368 | Elf:1    | HP: 3/136 [deep elf mage/stone arrow (36)]
 30372 | Elf:1    | Shot with an arrow by a deep elf archer

Skill      XL: |  1  2  3  4  5  6  7  8  9 10 11 12 13 14 15 |
---------------+----------------------------------------------+-----
Axes           | 3 4 5 6 8 9 10 13 14 16 17 | 17.0
Fighting       | 4 5 8 10 11 12 13 | 13.3
Armour         | 4 5 6 7 8 9 11 12 13 | 13.0
Shields        | 4 5 6 7 8 9 10 11 | 11.6
Invocations    | 2 3 4 |  4.0
Evocations     | 2 3 5 6 8 9 |  9.3
Dodging        | 3 4 5 7 |  7.1
Hexes          | 2 5 |  5.2
Long Blades    | 5 |  5.0

Action                   |  1- 3 |  4- 6 |  7- 9 | 10-12 | 13-15 || total
-------------------------+-------+-------+-------+-------+-------++-------
Melee: War axe           |    97 |   205 |   349 |   885 |  1526 ||  3062
       Long sword        |       |       |       |       |    55 ||    55
Invok: Divine Shield     |       |       |       |     3 |     4 ||     7
       Cleansing Flame   |       |       |       |       |     1 ||     1
Evoke: Wand              |       |       |       |     5 |    14 ||    19
  Use: Scroll            |       |       |     8 |    10 |    16 ||    34
       Potion            |       |       |     1 |     4 |    13 ||    18
  Eat: Chunk             |     1 |     8 |    10 |     7 |    14 ||    40
       Ration            |       |       |     2 |     8 |     7 ||    17
Armor: Scale mail        |    37 |     1 |       |       |       ||    38
       Plate armour      |       |   117 |   158 |   359 |       ||   634
       Skin              |       |     1 |       |       |       ||     1
       Crystal plate arm |       |       |       |    87 |   690 ||   777
Dodge: Dodged            |    20 |    21 |    29 |   116 |   288 ||   474
Block: Shield            |    55 |    99 |   110 |   416 |  1016 ||  1696
       Rpst.: Long sword |       |       |       |       |     6 ||     6
